 Dungeon Crawl Stone Soup version 0.31.0-12-g77e489cdc1 (webtiles) character file.

Game seed: 10079130589344436916

1419 Ruich the Cleaver (level 8, -3/50 HPs)
             Began as a Tengu Berserker on Feb 28, 2024.
             Was a Believer of Trog.
             Incinerated by a bombardier beetle (8 damage)
             ... with a burning spray
             ... on level 5 of the Dungeon on Feb 29, 2024.
             The game lasted 00:17:43 (5962 turns).

Ruich the Cleaver (Tengu Berserker)                 Turns: 5962, Time: 00:17:44

Health: -3/50      AC:  6    Str: 20    XL:     8   Next: 71%
Magic:  18/18      EV: 32    Int:  7    God:    Trog [**....]
Gold:   198        SH:  0    Dex: 14    Spells: 7/7 levels left

rFire   . . .        j - +0 war axe
rCold   . . .        (no shield)
rNeg    . . .        o - +0 ring mail
rPois   .            g - +0 hat
rElec   .            (no cloak)
rCorr   .            (no gloves)
SInv    +            (boots unavailable)
Will    .....        (no amulet)
Stlth   +            b - ring of see invisible
HPRegen 0.28/turn    A - ring of magical power
MPRegen 0.16/turn

%: acrobat
@: lethally poisoned (-3 -> -19), on fire, on berserk cooldown, acrobatic,
flying, slowed, glowing, very slow
A: beak, talons 3, evasive flight, acrobatic
a: Renounce Religion, Berserk, Trog's Hand


You were on level 5 of the Dungeon.
You worshipped Trog.
Trog was pleased with you.
You visited 1 branch of the dungeon, and saw 6 of its levels.
You also visited: Ossuary.

You collected 198 gold pieces.


Innate Abilities, Weirdness & Mutations

You have a beak for a mouth.
You have claws for feet.
Your magical flight helps you evade attacks. (EV +4)
You can magically evade attacks while moving or waiting.


   Skills:
 + Level 5.5 Fighting
 * Level 8.0 Axes
 + Level 5.5 Armour
 - Level 4.8 Dodging
 + Level 2.2 Stealth


You had 7 spell levels left.
You didn't know any spells.
Your spell library was empty.

Inventory:

Hand Weapons
 a - a +0 hand axe
 j - a +0 war axe (weapon)
 l - a +0 battleaxe
Missiles
 d - 2 silver javelins
 e - 47 stones
 h - 6 poisoned darts
 n - 2 boomerangs
Armour
 g - a +0 hat (worn)
 o - a +0 ring mail (worn)
 s - the +6 tower shield of Vucihouv {rF- Int+6}
   (You found it on level 6 of the Dungeon)

   Int+6:     It affects your intelligence (+6).
   rF-:       It makes you vulnerable to fire.
Jewellery
 b - a ring of see invisible (left hand)
 A - a ring of magical power (right hand)
Scrolls
 c - a scroll of butterflies {unknown}
 q - a scroll of teleportation {@r2}
 v - a scroll of brand weapon {unknown}
 y - a scroll of fear
Potions
 f - 2 potions of curing {@q1}
 i - 3 potions of invisibility (quivered)
 k - 2 potions of mutation
 m - a potion of ambrosia {unknown}
 p - a potion of haste {@q3}
 r - a potion of lignification {unknown}
 t - 2 potions of enlightenment {unknown}
 u - 4 potions of might
 w - 2 potions of berserk rage {!q}
 x - a potion of experience {unknown}
 z - 4 potions of heal wounds {@q2}

Dungeon Overview and Level Annotations

Branches:
Dungeon (6/15)            Ossuary (visited)
 Temple: D:4-7

Altars:
Cheibriados
Nemelex Xobeh
Qazlal
Yredelemnul
The Shining One

Shops:
D:5

* #.........#........# #
#....#.####........# #.
#....#.# #........# .##(
###....#.# ##.......#
..#..##........# #........
#....######## #........
.....#..## #........
.###...#.###########........
#...####..@†........######.
..... ##.B.#######. #. ....
#ooS..# #. ?... #.)o†.<.# ##
#.# #.........##.
...#.....[.## .##
..#.##.....## ... . .
......# ###.### # ##.....#
#.....


You could see a water moccasin, a bombardier beetle, an orc wizard (invisible)
and 2 orcs.


Message History

Use which ability? (? or * to list)
Okay, then.
Unknown command.
Unknown command.
Unknown command.
Unknown command.
You feel better. The liquid fire burns you!
* * * LOW HITPOINT WARNING * * *
The orc closely misses you. The orc wizard misses you.
The bombardier beetle sprays incendiary fluid at you.
You are even more covered in liquid fire!
Unknown command.
Unknown command.
You closely miss the water moccasin. You claw the water moccasin!
Your peck misses the water moccasin.
The water moccasin is moderately wounded.
You barely miss the orc wizard. You hit the orc. You hit the bombardier beetle.
The liquid fire burns you!
* * * LOW HITPOINT WARNING * * *
The water moccasin closely misses you. The orc wizard closely misses you.
The water moccasin misses you.
* * * LOW HITPOINT WARNING * * *
x2 The bombardier beetle misses you.
The water moccasin bites you.
* * * LOW HITPOINT WARNING * * *
You are lethally poisoned!
The water moccasin poisons you!
You shake off some of the fire as you move.
The liquid fire burns you!
You die...

Skill      XL: |  1  2  3  4  5  6  7  8 |
---------------+-------------------------+-----
Axes           | 4 5 6 8 |  8.0
Armour         | 3 4 5 |  5.5
Dodging        | 3 4 |  4.8
Fighting       | 4 5 |  5.5
Stealth        | 2 |  2.2

Action                     |  1- 3 |  4- 6 |  7- 9 || total
---------------------------+-------+-------+-------++-------
  Melee: Hand axe          |    52 |       |       ||    52
         Kick              |    15 |    11 |    45 ||    71
         Peck              |     6 |    12 |    25 ||    43
         War axe           |    19 |    39 |   152 ||   210
         Punch             |       |       |     3 ||     3
 Invoke: Berserk           |     1 |     1 |     5 ||     7
         Trog's Hand       |       |       |     1 ||     1
    Use: Scroll            |       |       |    14 ||    14
         Potion            |       |       |     1 ||     1
   Stab: Sleeping          |     1 |       |       ||     1
         Distracted        |       |       |     1 ||     1
 Armour: Animal skin       |    33 |       |       ||    33
         Ring mail         |     2 |    34 |    66 ||   102
  Dodge: Dodged            |    50 |    47 |   139 ||   236

Levels and vault maps discovered:
D:1:      dpeg_arrival_ternary, layout_basic, serial_co_window_serial,
          co_window_paths_a, co_window_of_opportunity_a, co_window_corner_a,
          co_window_paths_a, co_window_of_opportunity_a,
          co_window_of_opportunity_b, co_window_broadway_b, co_window_cross_3,
          co_window_2corner, co_window_corner_cb, co_window_broadway_a,
          co_window_corner_cb, co_window_4corner_a, glass_columns_c,
          glass_columns_b, chequers_serial_rivers_micro_c
D:2:      layout_loops_corners, basic_altar
D:3:      layout_basic, slow_altar_1, general_overflow_altar,
          nrook_loot_triangle
D:4:      layout_gridville, mainiacjoe_overflow_cross_hatched, serial_rivers,
          chequers_serial_rivers_room_b, chequers_serial_rivers_small_3,
          chequers_serial_rivers_micro_b, chequers_serial_rivers_marsh,
          chequers_serial_rivers_small_b
D:5:      layout_loops_cross, nicolae_qazlal_general_emergency,
          mainiacjoe_overflow_paths, minmay_temple_entry_slanted, serial_shops,
          nicolae_take_the_stairs, shop, minmay_misc_feat_x
D:6:      layout_loops_ring, nzn_overflow_gifts_of_might_and_magic,
          lightli_ossuary_entry_decrepit_ruins

Notes
Turn   | Place    | Note
-------+----------+-------------------------------------------
     0 | D:1      | Ruich the Tengu Berserker began the quest for the Orb.
     0 | D:1      | Reached XP level 1. HP: 14/14 MP: 2/2
   204 | D:1      | Reached XP level 2. HP: 15/19 MP: 3/3
  1120 | D:2      | Reached XP level 3. HP: 23/23 MP: 4/4
  1337 | D:2      | Reached ** piety under Trog
  1338 | D:2      | Reached skill level 4 in Axes
  1679 | D:2      | Found a sparkling altar of Nemelex Xobeh.
  2214 | D:3      | Found a basalt altar of Yredelemnul.
  2359 | D:3      | You fall into a shaft and drop 3 floors!
  2376 | D:5      | Entered Level 5 of the Dungeon
  2376 | D:5      | Found Jyulugakk's Assorted Antiques.
  2408 | D:6      | Reached XP level 4. HP: 28/28 MP: 5/5
  2414 | D:6      | Noticed a steam dragon
  2427 | D:6      | Killed a steam dragon
  2428 | D:6      | Reached skill level 5 in Axes
  2428 | D:6      | Reached skill level 3 in Armour
  2428 | D:6      | Reached skill level 3 in Dodging
  2428 | D:6      | Reached XP level 5. HP: 26/33 MP: 6/6
  2430 | D:6      | Reached XP level 6. HP: 25/38 MP: 7/7
  2613 | D:6      | Reached skill level 4 in Fighting
  2675 | D:6      | Identified the +6 tower shield of Vucihouv {rF- Int+6}
  2718 | D:6      | Found a sand-covered staircase.
  2726 | Ossuary  | Entered an ossuary
  2883 | Ossuary  | Reached skill level 4 in Armour
  2883 | Ossuary  | Reached skill level 4 in Dodging
  2883 | Ossuary  | Gained mutation: Your magical flight helps you evade
                  | attacks. (EV +4) [Tengu growth]
  2883 | Ossuary  | Reached XP level 7. HP: 24/43 MP: 8/8
  3131 | Ossuary  | Reached skill level 6 in Axes
  3695 | Ossuary  | Reached XP level 8. HP: 48/48 MP: 9/9
  3699 | Ossuary  | Reached skill level 7 in Axes
  4432 | D:6      | Reached skill level 5 in Fighting
  4649 | D:5      | Reached skill level 5 in Armour
  4763 | D:4      | Reached skill level 1 in Stealth
  4862 | D:4      | Found a glowing golden altar of the Shining One.
  4976 | D:3      | Found a snail-covered altar of Cheibriados.
  5791 | D:5      | Reached skill level 2 in Stealth
  5801 | D:5      | Found a stormy altar of Qazlal.
  5812 | D:5      | Reached *** piety under Trog
  5957 | D:5      | Reached skill level 8 in Axes
  5961 | D:5      | HP: 5/50 [water moccasin (5)]
  5962 | D:5      | Incinerated by a bombardier beetle

Vanquished Creatures
  A steam dragon (D:6)
  8 scorpions
  3 bombardier beetles
  4 centaur zombies (Ossuary)
  2 jellies
  2 hounds
  3 iguanas (D:5)
  3 scorpion zombies (Ossuary)
  3 orc wizards
  3 mummies (Ossuary)
  7 gnolls
  6 adders
  2 ufetubi (D:6)
  An adder zombie (Ossuary)
  2 dart slugs
  A ribbon worm (D:2)
  7 orcs
  5 ball pythons
  3 bats
  7 endoplasms
  4 goblins
  4 hobgoblins
  2 jackals (D:2)
  7 kobolds
  A quokka (D:6)
  2 ball python zombies (Ossuary)
  2 gnoll zombies (Ossuary)
  3 orc zombies (Ossuary)
  3 rats
101 creatures vanquished.

Table legend: (Time is in decaauts)
 A = Elapsed time spent in this place.
 B = Non-inter-level travel time spent in this place.
 C = Inter-level travel time spent in this place.
 D = Time resting spent in this place.
 E = Time spent auto-exploring this place.
 F = Levels seen in this place.
 G = Mean time per level.
                   A        B        C        D        E       F      G
               +--------+--------+--------+--------+--------+-----+--------+
         Total |   6066 |   5943 |    123 |   1712 |   2885 |   7 |  866.6 |
       Dungeon |   4955 |   4832 |    123 |   1046 |   2863 |   6 |  825.8 |
       Ossuary |   1111 |   1111 |      0 |    666 |     22 |   1 | 1111.0 |
               +--------+--------+--------+--------+--------+-----+--------+

Top non-repeatable levels by time:
     D:1: 1115 daAuts
 Ossuary: 1111 daAuts
     D:2: 969 daAuts
     D:3: 778 daAuts
     D:5: 728 daAuts
     D:6: 718 daAuts
     D:4: 645 daAuts

Table legend:
 A = Non-vault XP
 B = Vault XP
 C = Vault XP percentage of total XP
 D = Non-vault monster count
 E = Vault monster count
 F = Vault count percentage of total count
                 A         B        C        D         E       F
            +---------+---------+-------+---------+---------+-------
      Total |    1048 |     980 |  48.3 |      75 |      26 |  25.7
            +---------+---------+-------+---------+---------+-------
        D:1 |      31 |       0 |   0.0 |      17 |       0 |   0.0
        D:2 |      34 |       0 |   0.0 |      13 |       0 |   0.0
        D:3 |      36 |      48 |  57.1 |       6 |       1 |  14.3
        D:4 |     315 |       0 |   0.0 |      17 |       0 |   0.0
        D:5 |     289 |       0 |   0.0 |      11 |       0 |   0.0
        D:6 |     343 |       0 |   0.0 |      11 |       0 |   0.0
    Ossuary |       0 |     932 | 100.0 |       0 |      25 | 100.0
            +---------+---------+-------+---------+---------+-------
